MapleLeafs vs Sabres

Created - 23 mars 2018 at 09:01

Goals
1 2 3 T
MapleLeafs 0 0 1 1
Sabres 1 0 1 2
Shots
1 2 3 T
MapleLeafs 9 6 8 23
Sabres 9 2 9 20

1st period

1. Sabres , Kyle Turris 29 (Josh Bailey 27) at 4:51

Penalties :
Victor Hedman (BUF) for Slashing (Minor) at 6:11

2nd period

No Goal

Penalties :
No Penalty

3rd period

2. MapleLeafs , Karl Alzner 5 (Antoine Roussel 16, Radko Gudas 17) at 1:02
3. Sabres , Anders Lee 24 (Paul Stastny 32, Roman Polak 16) at 11:58

Penalties :
Jason Demers (TOR) for High sticking (Minor) at 7:41, Jake McCabe (BUF) for Interference (Minor) at 14:56, Remi Elie (BUF) for Holding (Minor) at 17:55

Goalie Stats

Marc-Andre Fleury (TOR), 18 saves from 20 shots - (0.900), L, 21-31-8, 59:00 minutes
Matt Murray (BUF), 22 saves from 23 shots - (0.957), W, 16-10-5, 60:00 minutes

Players Stats for MapleLeafs

Player Name              G  A  P  +/- PIM S  H  SB GA TA FO     MP     PP MP  PK MP  
------------------------------------------------------------------------------------
Antoine Roussel          0  1  1  -1  0   3  2  0  0  0  0/1    18:10   0:41   0:55 
Beau Bennett             0  0  0   0  0   1  1  0  0  0  1/1    19:58   3:15   0:00 
Brandon Montour          0  0  0   0  0   0  0  0  0  0  0/0     9:06   0:00   0:39 
Brian Strait             0  0  0   0  0   0  0  0  0  0  0/1     2:29   0:00   0:00 
Cody Franson             0  0  0  -1  0   0  0  3  0  0  0/0    15:28   0:00   0:03 
Craig Smith              0  0  0  -1  0   1  0  0  0  0  0/0    17:26   0:41   0:00 
Dmitry Kulikov           0  0  0  -1  0   1  0  3  0  0  0/0    15:56   0:00   0:26 
Frederick Gaudreau       0  0  0   0  0   1  0  0  0  0  0/3    17:18   0:20   0:55 
Ivan Barbashev           0  0  0  -1  0   2  0  0  0  0  6/13   19:26   1:41   0:26 
Jason Chimera            0  0  0   0  0   1  3  0  0  0  1/2    21:14   3:15   0:20 
Jason Demers             0  0  0   0  2   2  2  1  0  0  0/0    17:19   2:42   0:00 
Karl Alzner              1  0  1   0  0   3  0  1  0  0  0/0    19:42   3:15   0:54 
Nazem Kadri              0  0  0   0  0   1  4  0  0  0  11/22  22:59   3:30   0:38 
Peter Holland            0  0  0   0  0   2  0  0  0  0  6/16   18:10   2:27   0:44 
Radko Gudas              0  1  1   0  0   0  2  0  0  0  0/0    19:47   3:15   0:54 
Tanner Glass             0  0  0   0  0   0  3  0  0  0  0/1    18:06   2:01   0:00 
Travis Hamonic           0  0  0   0  0   2  0  1  0  0  0/0    18:27   2:42   1:02 
Zach Bogosian            0  0  0   0  0   3  0  0  0  0  0/0     6:59   0:00   0:00 

Players Stats for Sabres

Player Name              G  A  P  +/- PIM S  H  SB GA TA FO     MP     PP MP  PK MP  
------------------------------------------------------------------------------------
Anders Lee               1  0  1   1  0   2  2  0  0  0  1/1    17:49   1:13   0:00 
Brandon Saad             0  0  0   1  0   1  0  0  0  0  0/0    17:44   1:13   0:00 
Brett Connolly           0  0  0   0  0   3  1  0  0  0  1/1     7:55   0:00   0:00 
Brock Nelson             0  0  0   0  0   2  1  0  0  0  0/1    18:44   0:46   2:37 
Dan Girardi              0  0  0   0  0   0  2  0  0  0  0/0    23:30   0:44   2:57 
Hunter Shinkaruk         0  0  0   0  0   1  0  0  0  0  1/3     7:55   0:00   0:00 
Jake McCabe              0  0  0   1  2   0  1  0  0  0  0/0    17:43   0:00   1:52 
Jason Zucker             0  0  0   0  0   1  2  0  0  0  1/1    14:43   0:46   1:45 
Jean-Gabriel Pageau      0  0  0   0  0   1  1  0  0  0  10/19  16:04   0:00   3:52 
Josh Bailey              0  1  1   0  0   1  0  0  0  0  1/1    15:21   0:00   0:00 
Kyle Turris              1  0  1   0  0   1  2  0  0  0  9/13   16:07   0:46   0:00 
Paul Stastny             0  1  1   1  0   2  1  0  0  0  10/18  17:57   1:13   0:08 
Remi Elie                0  0  0   0  2   1  0  0  0  0  1/2     7:54   0:00   0:00 
Roman Polak              0  1  1   0  0   0  0  0  0  0  0/0    20:35   1:15   2:57 
Ryan Murray              0  0  0   1  0   0  0  0  0  0  0/0    15:58   0:00   0:11 
Tyler Myers              0  0  0   0  0   0  0  0  0  0  0/0    19:43   1:15   2:05 
Victor Hedman            0  0  0   0  2   1  1  2  0  0  0/0    22:29   0:44   1:52 
Zach Hyman               0  0  0   0  0   3  0  0  0  0  0/0    15:49   0:00   3:32 

3 Stars

1 - Anders Lee (BUF)
2 - Kyle Turris (BUF)
3 - Matt Murray (BUF)

Power Play

MapleLeafs - 0 on 3 Attempt(s) - 0.00%
Sabres - 0 on 1 Attempt(s) - 0.00%

Penalty Kill

MapleLeafs - 1 on 1 Attempt(s) - 100.00% - Score 0 goal in Penalty Kill
Sabres - 3 on 3 Attempt(s) - 100.00% - Score 0 goal in Penalty Kill

Team Stat

MapleLeafs - Hits : 17 - Faceoff Wins : 25 - Blocked Shots : 9 - Penalty Minutes : 2
Sabres - Hits : 14 - Faceoff Wins : 35 - Blocked Shots : 2 - Penalty Minutes : 6

Official

Referees : Eric Furlatt and Dennis LaRue
Linesman : Trent Knorr and Mike Cvik

Game Notes

No Game Note

Finance

Level 1 -- Attendance: 6493 (99.89%) -- Ticket Income 649 300 $
Level 2 -- Attendance: 5000 (100.00%) -- Ticket Income 375 000 $
Level 3 -- Attendance: 3397 (97.06%) -- Ticket Income 169 850 $
Level 4 -- Attendance: 2695 (87.79%) -- Ticket Income 67 375 $
Luxury Box -- Attendance: 650 (65.00%) -- Ticket Income 162 500 $
Game was played at the First Niagara Center.
Total Attendance: 18235 (95.62%)
Total Ticket Income: 1 424 025 $
Other Income: 213 604 $
Total Income: 1 637 629 $

% Time on Ice - MapleLeafs

Lines # - Real PCT - Wanted PCT - Time Play
Normal Forward
1 - 29% - 35% - 15:04
2 - 34% - 32% - 17:27
3 - 30% - 25% - 15:26
4 - 8% - 8% - 4:02
Normal Defense
1 - 30% - 36% - 15:33
2 - 28% - 34% - 14:38
3 - 30% - 30% - 15:25
4 - 12% - 0% - 6:23
PP Forward
1 - 59% - 60% - 3:30
2 - 41% - 40% - 2:27
PP Defense
1 - 55% - 60% - 3:15
2 - 45% - 40% - 2:42
PK Forward
1 - 100% - 60% - 1:59
2 - 0% - 40% - 0:00
PK Defense
1 - 45% - 60% - 0:54
2 - 55% - 40% - 1:05
PK3 Forward
1 - 0% - 60%
2 - 0% - 40%
PK3 Defense
1 - 0% - 60%
2 - 0% - 40%
44 Forward
1 - 0% - 60%
2 - 0% - 40%
44 Defense
1 - 0% - 60%
2 - 0% - 40%
Last Minute Offensive  - 0:05
Last Minute Defensive  - 0:00
Total
Forward - 60:00
Defense - 60:00

% Time on Ice - Sabres

Lines # - Real PCT - Wanted PCT - Time Play
Normal Forward
1 - 32% - 40% - 16:31
2 - 30% - 32% - 15:21
3 - 23% - 23% - 12:12
4 - 15% - 5% - 7:55
Normal Defense
1 - 34% - 40% - 17:40
2 - 32% - 30% - 16:23
3 - 30% - 20% - 15:47
4 - 4% - 10% - 2:09
PP Forward
1 - 61% - 60% - 1:13
2 - 39% - 40% - 0:46
PP Defense
1 - 37% - 60% - 0:44
2 - 63% - 40% - 1:15
PK Forward
1 - 71% - 60% - 4:12
2 - 29% - 40% - 1:45
PK Defense
1 - 50% - 60% - 2:57
2 - 50% - 40% - 3:00
PK3 Forward
1 - 0% - 60%
2 - 0% - 40%
PK3 Defense
1 - 0% - 60%
2 - 0% - 40%
44 Forward
1 - 0% - 60%
2 - 0% - 40%
44 Defense
1 - 0% - 60%
2 - 0% - 40%
Last Minute Offensive  - 0:00
Last Minute Defensive  - 0:05
Total
Forward - 60:00
Defense - 60:00

Play by Play

1st period


0:01 of 1st period - Nazem Kadri wins face-off versus Paul Stastny in neutral zone.
0:36 of 1st period - Shot by Paul Stastny.
0:36 of 1st period - Stopped by Marc-Andre Fleury without a rebound.
0:37 of 1st period - Kyle Turris wins face-off versus Ivan Barbashev in MapleLeafs zone.
0:44 of 1st period - Shot by Jason Demers.
0:44 of 1st period - Shot Misses the Net.
1:34 of 1st period - Icing by Roman Polak.
1:35 of 1st period - Kyle Turris wins face-off versus Peter Holland in Sabres zone.
1:35 of 1st period - Kyle Turris is hit by Tanner Glass.
2:25 of 1st period - Icing by Dmitry Kulikov.
2:26 of 1st period - Peter Holland wins face-off versus Paul Stastny in MapleLeafs zone.
3:44 of 1st period - Shot by Ivan Barbashev.
3:44 of 1st period - Stopped by Matt Murray without a rebound.
3:45 of 1st period - Jean-Gabriel Pageau wins face-off versus Nazem Kadri in Sabres zone.
4:08 of 1st period - Shot by Zach Hyman.
4:08 of 1st period - Stopped by Marc-Andre Fleury without a rebound.
4:09 of 1st period - Brett Connolly wins face-off versus Tanner Glass in MapleLeafs zone.
4:16 of 1st period - Shot by Hunter Shinkaruk.
4:16 of 1st period - Stopped by Marc-Andre Fleury without a rebound.
4:17 of 1st period - Kyle Turris wins face-off versus Ivan Barbashev in MapleLeafs zone.
4:33 of 1st period - Antoine Roussel is hit by Jake McCabe.
4:43 of 1st period - Shot by Josh Bailey.
4:43 of 1st period - Shot Misses the Net.
4:51 of 1st period - Shot by Kyle Turris.
4:51 of 1st period - Goal by Kyle Turris - MapleLeafs : 0 - Sabres : 1.
4:52 of 1st period - Peter Holland wins face-off versus Jean-Gabriel Pageau in neutral zone.
5:43 of 1st period - Icing by Brett Connolly.
5:44 of 1st period - Nazem Kadri wins face-off versus Hunter Shinkaruk in Sabres zone.
5:50 of 1st period - Nazem Kadri is hit by Dan Girardi and loses puck.
5:55 of 1st period - Shot by Beau Bennett.
5:55 of 1st period - Stopped by Matt Murray with a rebound.
6:03 of 1st period - Dan Girardi is hit by Nazem Kadri and loses puck.
6:11 of 1st period - Minor Penalty to Victor Hedman for Slashing.
6:12 of 1st period - Jean-Gabriel Pageau wins face-off versus Nazem Kadri in Sabres zone.
6:12 of 1st period - Jean-Gabriel Pageau is hit by Nazem Kadri.
6:22 of 1st period - Shot by Jean-Gabriel Pageau.
6:22 of 1st period - Shot Misses the Net.
6:32 of 1st period - Shot by Karl Alzner.
6:32 of 1st period - Stopped by Matt Murray without a rebound.
6:33 of 1st period - Ivan Barbashev wins face-off versus Jean-Gabriel Pageau in Sabres zone.
6:36 of 1st period - Shot by Travis Hamonic.
6:36 of 1st period - Stopped by Matt Murray with a rebound.
7:19 of 1st period - Off-side.
7:20 of 1st period - Nazem Kadri wins face-off versus Jean-Gabriel Pageau in neutral zone.
7:36 of 1st period - Off-side.
7:37 of 1st period - Nazem Kadri wins face-off versus Brock Nelson in neutral zone.
7:57 of 1st period - Icing by Radko Gudas.
7:58 of 1st period - Jean-Gabriel Pageau wins face-off versus Jason Chimera in MapleLeafs zone.
7:59 of 1st period - Shot by Zach Hyman.
7:59 of 1st period - Stopped by Marc-Andre Fleury without a rebound.
8:00 of 1st period - Jean-Gabriel Pageau wins face-off versus Ivan Barbashev in MapleLeafs zone.
8:08 of 1st period - Off-side.
8:09 of 1st period - Nazem Kadri wins face-off versus Jean-Gabriel Pageau in neutral zone.
8:09 of 1st period - Radko Gudas is hit by Jean-Gabriel Pageau and loses puck.
8:24 of 1st period - Shot by Craig Smith.
8:24 of 1st period - Deflect By Antoine Roussel.
8:24 of 1st period - Stopped by Matt Murray without a rebound.
8:25 of 1st period - Kyle Turris wins face-off versus Nazem Kadri in Sabres zone.
8:50 of 1st period - Karl Alzner is hit by Kyle Turris and loses puck.
9:34 of 1st period - Shot by Tanner Glass.
9:34 of 1st period - Shot Misses the Net.
9:46 of 1st period - Shot by Jason Demers.
9:46 of 1st period - Stopped by Matt Murray without a rebound.
9:47 of 1st period - Ivan Barbashev wins face-off versus Jean-Gabriel Pageau in Sabres zone.
10:31 of 1st period - Icing by Dmitry Kulikov.
10:32 of 1st period - Anders Lee wins face-off versus Ivan Barbashev in MapleLeafs zone.
10:33 of 1st period - Shot by Victor Hedman.
10:33 of 1st period - Stopped by Marc-Andre Fleury without a rebound.
10:34 of 1st period - Nazem Kadri wins face-off versus Paul Stastny in MapleLeafs zone.
11:11 of 1st period - Dan Girardi is hit by Jason Chimera and loses puck.
11:42 of 1st period - Shot by Josh Bailey.
11:42 of 1st period - Stopped by Marc-Andre Fleury with a rebound.
11:54 of 1st period - Travis Hamonic is hit by Kyle Turris and loses puck.
12:29 of 1st period - Tanner Glass is hit by Jason Zucker and loses puck.
13:19 of 1st period - Shot by Nazem Kadri.
13:19 of 1st period - Stopped by Matt Murray with a rebound.
13:21 of 1st period - Shot by Zach Bogosian.
13:21 of 1st period - Stopped by Matt Murray without a rebound.
13:22 of 1st period - Paul Stastny wins face-off versus Nazem Kadri in Sabres zone.
13:36 of 1st period - Karl Alzner is hit by Dan Girardi and loses puck.
13:51 of 1st period - Brandon Saad is hit by Radko Gudas and loses puck.
14:24 of 1st period - Shot by Brock Nelson.
14:24 of 1st period - Stopped by Marc-Andre Fleury without a rebound.
14:25 of 1st period - Hunter Shinkaruk wins face-off versus Nazem Kadri in MapleLeafs zone.
14:30 of 1st period - Shot by Remi Elie.
14:30 of 1st period - Deflect By Brett Connolly.
14:30 of 1st period - Shot Misses the Net.
15:22 of 1st period - Dan Girardi is hit by Antoine Roussel and loses puck.
16:01 of 1st period - Icing by Cody Franson.
16:02 of 1st period - Paul Stastny wins face-off versus Peter Holland in MapleLeafs zone.
16:09 of 1st period - Shot by Brandon Saad.
16:09 of 1st period - Shot Blocked by Dmitry Kulikov.
16:15 of 1st period - Shot by Anders Lee.
16:15 of 1st period - Stopped by Marc-Andre Fleury without a rebound.
16:16 of 1st period - Ivan Barbashev wins face-off versus Jean-Gabriel Pageau in MapleLeafs zone.
17:07 of 1st period - Shot by Peter Holland.
17:07 of 1st period - Stopped by Matt Murray without a rebound.
17:08 of 1st period - Paul Stastny wins face-off versus Peter Holland in Sabres zone.
17:08 of 1st period - Paul Stastny is hit by Tanner Glass.
18:40 of 1st period - Shot by Kyle Turris.
18:40 of 1st period - Shot Blocked by Dmitry Kulikov.
Goals for this period are 0 for MapleLeafs vs 1 for Sabres.
Shots for this period are 9 for MapleLeafs vs 9 for Sabres.

2nd period


0:01 of 2nd period - Paul Stastny wins face-off versus Nazem Kadri in neutral zone.
0:01 of 2nd period - Paul Stastny is hit by Jason Chimera.
0:08 of 2nd period - Victor Hedman is hit by Nazem Kadri and loses puck.
1:50 of 2nd period - Shot by Ivan Barbashev.
1:50 of 2nd period - Shot Misses the Net.
2:28 of 2nd period - Shot by Jean-Gabriel Pageau.
2:28 of 2nd period - Shot Misses the Net.
3:48 of 2nd period - Shot by Craig Smith.
3:48 of 2nd period - Shot Misses the Net.
3:50 of 2nd period - Shot by Antoine Roussel.
3:50 of 2nd period - Stopped by Matt Murray without a rebound.
3:51 of 2nd period - Paul Stastny wins face-off versus Nazem Kadri in Sabres zone.
3:51 of 2nd period - Paul Stastny is hit by Jason Chimera.
4:03 of 2nd period - Shot by Paul Stastny.
4:03 of 2nd period - Shot Blocked by Jason Demers.
4:13 of 2nd period - Paul Stastny is hit by Beau Bennett.
4:48 of 2nd period - Shot by Brandon Montour.
4:48 of 2nd period - Shot Misses the Net.
5:22 of 2nd period - Shot by Kyle Turris.
5:22 of 2nd period - Shot Misses the Net.
6:15 of 2nd period - Shot by Jason Demers.
6:15 of 2nd period - Shot Misses the Net.
6:20 of 2nd period - Icing by Dan Girardi.
6:21 of 2nd period - Peter Holland wins face-off versus Kyle Turris in Sabres zone.
6:46 of 2nd period - Shot by Peter Holland.
6:46 of 2nd period - Stopped by Matt Murray without a rebound.
6:47 of 2nd period - Jason Zucker wins face-off versus Ivan Barbashev in Sabres zone.
7:10 of 2nd period - Shot by Antoine Roussel.
7:10 of 2nd period - Stopped by Matt Murray with a rebound.
7:12 of 2nd period - Shot by Jason Demers.
7:12 of 2nd period - Stopped by Matt Murray without a rebound.
7:13 of 2nd period - Nazem Kadri wins face-off versus Hunter Shinkaruk in Sabres zone.
7:30 of 2nd period - Shot by Brett Connolly.
7:30 of 2nd period - Shot Hit the Post.
7:32 of 2nd period - Shot by Tyler Myers.
7:32 of 2nd period - Shot Misses the Net.
7:49 of 2nd period - Icing by Dmitry Kulikov.
7:50 of 2nd period - Paul Stastny wins face-off versus Nazem Kadri in MapleLeafs zone.
7:57 of 2nd period - Shot by Anders Lee.
7:57 of 2nd period - Shot Misses the Net.
8:49 of 2nd period - Shot by Jean-Gabriel Pageau.
8:49 of 2nd period - Shot Blocked by Cody Franson.
8:51 of 2nd period - Shot by Jean-Gabriel Pageau.
8:51 of 2nd period - Shot Misses the Net.
9:33 of 2nd period - Antoine Roussel is hit by Brett Connolly.
10:01 of 2nd period - Icing by Ryan Murray.
10:02 of 2nd period - Kyle Turris wins face-off versus Peter Holland in Sabres zone.
12:00 of 2nd period - Icing by Karl Alzner.
12:01 of 2nd period - Jean-Gabriel Pageau wins face-off versus Peter Holland in MapleLeafs zone.
13:08 of 2nd period - Off-side.
13:09 of 2nd period - Josh Bailey wins face-off versus Brian Strait in neutral zone.
13:29 of 2nd period - Icing by Josh Bailey.
13:30 of 2nd period - Kyle Turris wins face-off versus Nazem Kadri in Sabres zone.
14:27 of 2nd period - Travis Hamonic is hit by Anders Lee and loses puck.
15:00 of 2nd period - Shot by Anders Lee.
15:00 of 2nd period - Shot Blocked by Cody Franson.
15:34 of 2nd period - Shot by Hunter Shinkaruk.
15:34 of 2nd period - Deflect By Brett Connolly.
15:34 of 2nd period - Stopped by Marc-Andre Fleury with a rebound.
15:36 of 2nd period - Shot by Remi Elie.
15:36 of 2nd period - Deflect By Brett Connolly.
15:36 of 2nd period - Stopped by Marc-Andre Fleury without a rebound.
15:37 of 2nd period - Beau Bennett wins face-off versus Jean-Gabriel Pageau in MapleLeafs zone.
16:29 of 2nd period - Shot by Kyle Turris.
16:29 of 2nd period - Shot Hit the Post.
17:44 of 2nd period - Shot by Zach Bogosian.
17:44 of 2nd period - Stopped by Matt Murray with a rebound.
17:46 of 2nd period - Shot by Dmitry Kulikov.
17:46 of 2nd period - Stopped by Matt Murray without a rebound.
17:47 of 2nd period - Jean-Gabriel Pageau wins face-off versus Peter Holland in Sabres zone.
18:00 of 2nd period - Shot by Jean-Gabriel Pageau.
18:00 of 2nd period - Shot Blocked by Karl Alzner.
18:43 of 2nd period - Shot by Craig Smith.
18:43 of 2nd period - Deflect By Nazem Kadri.
18:43 of 2nd period - Shot Blocked by Victor Hedman.
18:45 of 2nd period - Shot by Dmitry Kulikov.
18:45 of 2nd period - Shot Misses the Net.
18:47 of 2nd period - Shot by Cody Franson.
18:47 of 2nd period - Shot Misses the Net.
19:19 of 2nd period - Off-side.
19:20 of 2nd period - Paul Stastny wins face-off versus Ivan Barbashev in neutral zone.
19:33 of 2nd period - Shot by Ivan Barbashev.
19:33 of 2nd period - Shot Misses the Net.
Goals for this period are 0 for MapleLeafs vs 0 for Sabres.
Shots for this period are 6 for MapleLeafs vs 2 for Sabres.

3rd period


0:01 of 3rd period - Paul Stastny wins face-off versus Nazem Kadri in neutral zone.
1:02 of 3rd period - Shot by Karl Alzner.
1:02 of 3rd period - Goal by Karl Alzner - MapleLeafs : 1 - Sabres : 1.
1:03 of 3rd period - Peter Holland wins face-off versus Kyle Turris in neutral zone.
1:12 of 3rd period - Kyle Turris is hit by Tanner Glass.
2:12 of 3rd period - Icing by Kyle Turris.
2:13 of 3rd period - Nazem Kadri wins face-off versus Kyle Turris in Sabres zone.
2:39 of 3rd period - Shot by Beau Bennett.
2:39 of 3rd period - Shot Misses the Net.
3:48 of 3rd period - Shot by Brandon Saad.
3:48 of 3rd period - Stopped by Marc-Andre Fleury without a rebound.
3:49 of 3rd period - Jason Chimera wins face-off versus Remi Elie in MapleLeafs zone.
4:00 of 3rd period - Shot by Nazem Kadri.
4:00 of 3rd period - Shot Misses the Net.
4:02 of 3rd period - Shot by Zach Bogosian.
4:02 of 3rd period - Shot Misses the Net.
4:16 of 3rd period - Shot by Nazem Kadri.
4:16 of 3rd period - Deflect By Beau Bennett.
4:16 of 3rd period - Shot Misses the Net.
4:18 of 3rd period - Shot by Zach Bogosian.
4:18 of 3rd period - Stopped by Matt Murray without a rebound.
4:19 of 3rd period - Peter Holland wins face-off versus Paul Stastny in Sabres zone.
4:36 of 3rd period - Shot by Tanner Glass.
4:36 of 3rd period - Shot Misses the Net.
4:48 of 3rd period - Jason Demers is hit by Paul Stastny and loses puck.
5:29 of 3rd period - Shot by Jean-Gabriel Pageau.
5:29 of 3rd period - Stopped by Marc-Andre Fleury without a rebound.
5:30 of 3rd period - Nazem Kadri wins face-off versus Kyle Turris in MapleLeafs zone.
5:30 of 3rd period - Nazem Kadri is hit by Brock Nelson.
6:39 of 3rd period - Shot by Remi Elie.
6:39 of 3rd period - Shot Blocked by Dmitry Kulikov.
7:29 of 3rd period - Shot by Paul Stastny.
7:29 of 3rd period - Stopped by Marc-Andre Fleury without a rebound.
7:30 of 3rd period - Jean-Gabriel Pageau wins face-off versus Peter Holland in MapleLeafs zone.
7:31 of 3rd period - Shot by Zach Hyman.
7:31 of 3rd period - Shot Blocked by Travis Hamonic.
7:37 of 3rd period - Shot by Jean-Gabriel Pageau.
7:37 of 3rd period - Shot Misses the Net.
7:39 of 3rd period - Shot by Jean-Gabriel Pageau.
7:39 of 3rd period - Deflect By Jason Zucker.
7:39 of 3rd period - Stopped by Marc-Andre Fleury without a rebound.
7:40 of 3rd period - Kyle Turris wins face-off versus Peter Holland in MapleLeafs zone.
7:40 of 3rd period - Kyle Turris is hit by Jason Demers.
7:41 of 3rd period - Minor Penalty to Jason Demers for High sticking.
7:42 of 3rd period - Kyle Turris wins face-off versus Frederick Gaudreau in MapleLeafs zone.
7:43 of 3rd period - Shot by Brock Nelson.
7:43 of 3rd period - Stopped by Marc-Andre Fleury without a rebound.
7:44 of 3rd period - Paul Stastny wins face-off versus Frederick Gaudreau in MapleLeafs zone.
7:44 of 3rd period - Tyler Myers is hit by Radko Gudas and loses puck.
9:38 of 3rd period - Icing by Roman Polak.
9:39 of 3rd period - Paul Stastny wins face-off versus Frederick Gaudreau in Sabres zone.
9:39 of 3rd period - Paul Stastny is hit by Antoine Roussel.
10:06 of 3rd period - Shot by Brett Connolly.
10:06 of 3rd period - Stopped by Marc-Andre Fleury without a rebound.
10:07 of 3rd period - Kyle Turris wins face-off versus Peter Holland in MapleLeafs zone.
10:17 of 3rd period - Peter Holland is hit by Victor Hedman and loses puck.
11:38 of 3rd period - Shot by Zach Hyman.
11:38 of 3rd period - Deflect By Jean-Gabriel Pageau.
11:38 of 3rd period - Shot Blocked by Cody Franson.
11:40 of 3rd period - Shot by Jake McCabe.
11:40 of 3rd period - Shot Misses the Net.
11:58 of 3rd period - Shot by Anders Lee.
11:58 of 3rd period - Goal by Anders Lee - MapleLeafs : 1 - Sabres : 2.
11:59 of 3rd period - Peter Holland wins face-off versus Paul Stastny in neutral zone.
12:06 of 3rd period - Shot by Frederick Gaudreau.
12:06 of 3rd period - Stopped by Matt Murray with a rebound.
12:55 of 3rd period - Dan Girardi is hit by Nazem Kadri and loses puck.
13:11 of 3rd period - Icing by Dan Girardi.
13:12 of 3rd period - Remi Elie wins face-off versus Antoine Roussel in Sabres zone.
13:21 of 3rd period - Shot by Craig Smith.
13:21 of 3rd period - Shot Misses the Net.
14:11 of 3rd period - Off-side.
14:12 of 3rd period - Jean-Gabriel Pageau wins face-off versus Peter Holland in neutral zone.
14:34 of 3rd period - Jason Zucker is hit by Jason Demers and loses puck.
14:39 of 3rd period - Shot by Zach Hyman.
14:39 of 3rd period - Shot Misses the Net.
14:41 of 3rd period - Shot by Zach Hyman.
14:41 of 3rd period - Stopped by Marc-Andre Fleury without a rebound.
14:42 of 3rd period - Ivan Barbashev wins face-off versus Paul Stastny in MapleLeafs zone.
14:42 of 3rd period - Ivan Barbashev is hit by Anders Lee.
14:49 of 3rd period - Icing by Craig Smith.
14:50 of 3rd period - Ivan Barbashev wins face-off versus Paul Stastny in MapleLeafs zone.
14:56 of 3rd period - Minor Penalty to Jake McCabe for Interference.
14:57 of 3rd period - Nazem Kadri wins face-off versus Jean-Gabriel Pageau in Sabres zone.
15:14 of 3rd period - Shot by Nazem Kadri.
15:14 of 3rd period - Shot Misses the Net.
15:16 of 3rd period - Shot by Radko Gudas.
15:16 of 3rd period - Shot Blocked by Victor Hedman.
15:18 of 3rd period - Shot by Jason Chimera.
15:18 of 3rd period - Stopped by Matt Murray without a rebound.
15:19 of 3rd period - Jean-Gabriel Pageau wins face-off versus Ivan Barbashev in Sabres zone.
15:56 of 3rd period - Jason Demers is hit by Jason Zucker and loses puck.
17:01 of 3rd period - Shot by Ivan Barbashev.
17:01 of 3rd period - Stopped by Matt Murray with a rebound.
17:03 of 3rd period - Shot by Craig Smith.
17:03 of 3rd period - Stopped by Matt Murray without a rebound.
17:04 of 3rd period - Ivan Barbashev wins face-off versus Paul Stastny in Sabres zone.
17:54 of 3rd period - Shot by Remi Elie.
17:54 of 3rd period - Stopped by Marc-Andre Fleury with a rebound.
17:55 of 3rd period - Minor Penalty to Remi Elie for Holding.
17:56 of 3rd period - Nazem Kadri wins face-off versus Jean-Gabriel Pageau in Sabres zone.
18:16 of 3rd period - Shot by Radko Gudas.
18:16 of 3rd period - Shot Misses the Net.
19:00 of 3rd period - MapleLeafs, Marc-Andre Fleury is pulled from the net.
19:00 of 3rd period - Shot by Travis Hamonic.
19:00 of 3rd period - Stopped by Matt Murray without a rebound.
19:01 of 3rd period - Jean-Gabriel Pageau wins face-off versus Nazem Kadri in Sabres zone.
19:18 of 3rd period - Shot by Karl Alzner.
19:18 of 3rd period - Stopped by Matt Murray with a rebound.
Goals for this period are 1 for MapleLeafs vs 1 for Sabres.
Shots for this period are 8 for MapleLeafs vs 9 for Sabres.